 Dungeon Crawl Stone Soup version 0.26-b1-32-g5d43845318 (webtiles) character file.

Game seed: 3224527356122976

70 Borgoz the Cudgeller (level 4, -1/27 HPs)
             Began as a Gargoyle Gladiator on Jan 10, 2021.
             Killed from afar by Natasha (5 damage)
             ... with a magic dart
             ... on level 2 of the Dungeon.
             The game lasted 00:01:19 (1147 turns).

Borgoz the Cudgeller (Gargoyle Gladiator)           Turns: 1147, Time: 00:01:20

Health: -1/27      AC:  7    Str: 18    XL:     4   Next: 21%
Magic:  4/4        EV: 13    Int:  8    God:
Gold:   74         SH:  0    Dex: 12    Spells: 3/3 levels left

rFire    . . .     SeeInvis .   a - +0 flail
rCold    . . .     Faith    .   (no shield)
rNeg     + . .     Spirit   .   b - +0 leather armour
rPois    ∞         Reflect  .   c - +0 helmet
rElec    +         Harm     .   (no cloak)
rCorr    .         Rampage  .   (no gloves)
Will     .....                  (no boots)
Stlth    +.........             (no amulet)
HPRegen  0.09/turn              (no ring)
MPRegen  0.09/turn              (no ring)

@: slowed, very slow
A: negative energy resistance 1, electricity resistance, unbreathing,
petrification resistance, miasma immunity, AC +3
a: no special abilities


You were on level 2 of the Dungeon.
You visited 1 branch of the dungeon, and saw 2 of its levels.

You collected 74 gold pieces.

Inventory:

Hand Weapons
 a - a +0 flail (weapon)
Missiles
 d - 3 throwing nets (quivered)
Armour
 b - a +0 leather armour (worn)
 c - a +0 helmet (worn)
Scrolls
 e - a scroll of enchant armour {unknown}
 f - a scroll of noise {unknown}
 h - 2 scrolls of blinking {unknown}
 i - a scroll of fog {unknown}
 k - a scroll of magic mapping {unknown}
 l - a scroll of identify {unknown}


   Skills:
 + Level 2.7 Fighting
 * Level 3.7 Maces & Flails
 - Level 1.7 Throwing
 + Level 1.4 Armour
 * Level 3.1 Dodging


You had 3 spell levels left.
You didn't know any spells.
Your spell library was empty.

Dungeon Overview and Level Annotations

Branches:
Dungeon (2/15)

Altars:

Annotations:
D:2 Natasha


Innate Abilities, Weirdness & Mutations

You are resistant to torment.
Your stone body is resilient. (AC +3)
You are immune to poison.
You resist negative energy. (rN+)
You are resistant to electric shocks. (rElec)
You can survive without breathing.
You are immune to petrification.
You are immune to miasma.


Message History

Your +0 leather armour unmelds from your body.
You start resting.
Natasha, Servant of Life and Death comes into view.
Things that are here:
3 throwing nets; a +0 whip
d - 3 throwing nets Natasha stares at you and mumbles some strange words.
You feel yourself slow down.
Natasha stares at you and mumbles some strange words.
The magic dart hits you.
* * * LOW HITPOINT WARNING * * *
Found a scroll labelled TORCHIA WIMAF.
Found 11 gold pieces.
You hit Natasha.
Natasha is heavily wounded.
Natasha claws you.
* * * LOW HITPOINT WARNING * * *
Natasha casts a spell at you. The magic dart hits you.
You die...

##.##
#..#
##.##
#))#
##.#
#.#
#.#
#h#
#@##
#..#
##.#
#..
##.#
..
#?#
.$
#.#


You could see Natasha.

Vanquished Creatures
  Natasha (D:2)
  A worm (D:2)
  A dart slug (D:2)
  A leopard gecko (D:2)
  2 giant cockroaches (D:1)
  6 goblins
  5 hobgoblins
  4 jackals (D:1)
  6 kobolds
  A bat (D:1)
  A frilled lizard (D:1)
  7 rats
36 creatures vanquished.

Notes
Turn   | Place    | Note
-------+----------+-------------------------------------------
     0 | D:1      | Borgoz the Gargoyle Gladiator began the quest for the Orb.
     0 | D:1      | Reached XP level 1. HP: 12/12 MP: 1/1
   100 | D:1      | Reached XP level 2. HP: 17/17 MP: 2/2
   368 | D:1      | Reached XP level 3. HP: 22/22 MP: 3/3
   452 | D:1      | Reached skill level 1 in Armour
  1016 | D:2      | Noticed Natasha
  1035 | D:2      | Killed Natasha
  1036 | D:2      | Reached XP level 4. HP: 4/27 MP: 4/4
  1137 | D:2      | Noticed Natasha
  1147 | D:2      | Killed from afar by Natasha

Illustrated notes

Levels and vault maps discovered:
D:1:      elethiomel_arrival_diamonds, layout_rooms
D:2:      layout_basic, uniq_natasha

Skill      XL: |  1  2  3 |
---------------+----------+-----
Armour         | 1 |  1.4
Dodging        | 3 |  3.1
Fighting       | |  2.7
Maces & Flails | |  3.7
Throwing       | |  1.7

Action                   |  1- 3 |  4- 6 || total
-------------------------+-------+-------++-------
Melee: Flail             |   100 |     3 ||   103
Throw: Throwing net      |     3 |       ||     3
  Use: Potion            |     2 |       ||     2
 Stab: Sleeping          |     1 |       ||     1
Armor: Leather armour    |    53 |       ||    53
       Skin              |    16 |       ||    16
Dodge: Dodged            |    69 |     1 ||    70
